 Dungeon Crawl Stone Soup version 0.17-a0-1655-g88a8506 (webtiles) character file.

12816 Goblin1989 the Spear-Bearer (level 11, -5/104 HPs)
             Began as a Minotaur Gladiator on Aug 15, 2015.
             Was a Believer of Fedhas.
             Killed from afar by a frost giant (20 damage)
             ... with a bolt of cold
             ... in an ice cave.
             The game lasted 00:47:18 (10215 turns).

Goblin1989 the Spear-Bearer (Minotaur Gladiator)   Turns: 10215, Time: 00:47:19

Health: -5/104     AC: 22    Str: 28    XL:     11   Next: 67%
Magic:  10/10      EV:  9    Int:  5    God:    Fedhas [**....]
Gold:   170        SH:  0    Dex: 14    Spells: 0 memorised, 10 levels left

rFire  + . .     SeeInvis .     a - +1 trident
rCold  . . .     Clarity  .     G - +3 plate armour {rF+}
rNeg   . . .     SustAt   .     (no shield)
rPois  .         Gourm    .     c - +0 hat
rElec  .         Spirit   .     (no cloak)
rCorr  .         Warding  .     D - +2 pair of gloves
rMut   .         Stasis   .     p - +0 pair of boots (curse)
MR     .....                    (no amulet)
Stlth  ..........               k - +4 ring of strength
                                b - +4 ring of strength

@: confused, glowing, not resistant to hostile enchantments, extremely
unstealthy
A: retaliatory headbutt, horns 2, blink 1
a: Blink, Evolution, Sunlight, Renounce Religion


You were in an ice cave.
You worshipped Fedhas.
Fedhas was pleased with you.
You were not hungry.

You visited 3 branches of the dungeon, and saw 12 of its levels.
You also visited: Ice Cave.

You collected 520 gold pieces.
You spent 350 gold pieces at shops.

Inventory:

Hand weapons
 a - a +1 trident (weapon)
Missiles
 d - a throwing net
 g - 8 tomahawks
 n - 2 javelins (quivered)
Armour
 c - a +0 hat (worn)
 l - a +0 crystal plate armour
 p - a cursed +0 pair of boots (worn)
 D - a +2 pair of gloves (worn)
 G - a +3 plate armour of fire resistance (worn)
Jewellery
 b - a +4 ring of strength (left hand)
 k - a +4 ring of strength (right hand)
 y - an uncursed ring of invisibility {unknown}
Magical devices
 q - a wand of frost (10)
 s - a wand of magic darts (29)
 I - a wand of polymorph (13)
 J - a wand of random effects (10)
Scrolls
 e - 2 scrolls of recharging
 f - 4 scrolls of enchant weapon
 h - 2 scrolls of remove curse
 j - a scroll of enchant armour {unknown}
 m - 2 scrolls of fear {unknown}
 r - 2 scrolls of blinking
 u - 2 scrolls of teleportation {unknown}
 x - a scroll of noise {unknown}
 A - 2 scrolls of magic mapping
 C - a scroll of fog {unknown}
 H - 3 scrolls of identify
Potions
 i - a potion of cure mutation
 o - 2 potions of haste
 v - a potion of ambrosia
 w - a potion of degeneration {unknown}
 z - 2 potions of flight
 E - a potion of mutation {unknown}
Comestibles
 t - 2 meat rations
 B - 7 bread rations
 F - a fruit


   Skills:
 - Level 12.0 Fighting
 - Level 14.4 Polearms
 + Level 6.1 Throwing
 - Level 10.0 Armour
 - Level 3.2 Dodging


You had 10 spell levels left.
You didn't know any spells.

Dungeon Overview and Level Annotations

Branches:
Dungeon (9/15)             Temple (1/1) D:5            Lair (2/8) D:9
    Orc: D:9-12

Altars:
Ashenzari
Cheibriados
Dithmenos
Elyvilon
Fedhas
Gozag
Kikubaaqudgha
Makhleb
Nemelex Xobeh
Okawaru
Qazlal
Ru
Sif Muna
Trog
Vehumet
Xom
Yredelemnul
Zin
The Shining One

Shops:
D:6 ?   D:8 =


Innate Abilities, Weirdness & Mutations

You reflexively headbutt those who attack you in melee.
You have a pair of horns on your head.
You can translocate small distances at will.


Message History

The frost giant is heavily wounded.
You hit the frost giant but do no damage.
The frost giant is heavily wounded.
The frost giant casts a spell at you. The bolt of cold hits you!
* * * LOW HITPOINT WARNING * * *
You completely miss the frost giant.
The frost giant is heavily wounded.
Drink which item? (? for menu, Esc to quit)
You are confused.
You feel invigorated.
The frost giant hits you but does no damage.
The frost giant gestures at you while chanting.
The bolt of cold hits you!
* * * LOW HITPOINT WARNING * * *
You bump into the ice covered rock wall.
The frost giant gestures at you while chanting.
The bolt of cold hits you!
You die...
Fedhas appreciates your contribution to the ecosystem.

##f.f.f.#
#.#.#.#f#
##f#####.#
#f## ##.#
##.####..#
##.##..##
##.##.##
....
#.##..#
....
##@##.##
..C..
#C###..##
..Yh.
##h.###f.##


hh.. #.##h.#...# #.h###.#.#.#.f.# #..#†..≈.###..# #...##≈## #.f# ##.##≈≈#≈ ##.#
###≈≈≈≈≈ ##.# You could see a frost giant and a polar bear.

Vanquished Creatures
  A death yak (IceCv)
  Nergalle (Lair:1)
  An ice statue (IceCv)
  A fire drake (D:9)
  2 komodo dragons (Lair:1)
  Grinder (D:3)
  Prince Ribbit (D:9)
  7 polar bears (IceCv)
  18 yaks
  3 hippogriffs
  13 wolves (IceCv)
  An orc warrior (D:7)
  3 phantoms
  3 sky beasts
  3 ogres
  2 centaurs
  A crocodile (D:9)
  4 giant frogs
  3 killer bees
  A scorpion (D:8)
  A centaur zombie (D:8)
  3 jellies
  5 crimson imps
  A giant frog zombie (D:6)
  5 hounds
  A giant frog skeleton (D:8)
  4 orc priests
  A quasit (D:9)
  Jessica (D:3)
  Terence (D:3)
  3 iguanas
  14 orc wizards
  3 worker ants
  11 adders
  2 shadow imps
  9 white imps (Lair:2)
  An ooze (D:7)
  An adder zombie (D:6)
  6 worms
  11 orcs
  3 giant cockroaches
  11 hobgoblins
  14 jackals
  10 kobolds
  2 quokkas
  A ball python (D:4)
  5 bats
  A giant gecko (D:7)
  4 giant newts
  4 goblins
  A quokka skeleton (D:7)
  7 rats
217 creatures vanquished.

Vanquished Creatures (collateral kills)
  A death yak (IceCv)
  2 polar bears (IceCv)
  A spriggan (D:7)
  A hippogriff (Lair:2)
  2 yaks (Lair:2)
  An ice beast (D:8)
  A giant frog (Lair:1)
  3 white imps (Lair:2)
  A jackal (D:8)
13 creatures vanquished.

Vanquished Creatures (others)
  2 yaks (IceCv)
  2 wolves (IceCv)
  10 wandering mushrooms
  An orc wizard (D:6)
  178 toadstools
193 creatures vanquished.

Grand Total: 423 creatures vanquished

Notes
Turn   | Place    | Note
--------------------------------------------------------------
     0 | D:1      | Goblin1989 the Minotaur Gladiator began the quest for the Orb.
     0 | D:1      | Reached XP level 1. HP: 18/18 MP: 0/0
   163 | D:1      | Reached skill level 4 in Polearms
   173 | D:1      | Reached XP level 2. HP: 4/25 MP: 1/1
  1074 | D:2      | Reached skill level 1 in Armour
  1407 | D:2      | Reached XP level 3. HP: 28/30 MP: 2/2
  1826 | D:3      | Reached skill level 5 in Polearms
  1890 | D:3      | Reached XP level 4. HP: 17/37 MP: 3/3
  2451 | D:3      | Noticed Jessica
  2479 | D:3      | Killed Jessica
  2479 | D:3      | Reached skill level 6 in Polearms
  2479 | D:3      | Reached XP level 5. HP: 42/42 MP: 4/4
  2490 | D:3      | Noticed Terence
  2508 | D:3      | Killed Terence
  2550 | D:3      | Found a faded altar to an unknown god.
  2551 | D:3      | Noticed Grinder
  2565 | D:3      | Killed Grinder
  2565 | D:3      | Reached skill level 8 in Polearms
  2565 | D:3      | Reached XP level 6. HP: 48/50 MP: 5/5
  2854 | D:4      | Reached XP level 7. HP: 56/56 MP: 6/6
  2891 | D:4      | Found a basalt altar of Yredelemnul.
  2982 | D:4      | Reached skill level 9 in Polearms
  3249 | D:5      | Entered Level 5 of the Dungeon
  3725 | D:5      | Reached skill level 10 in Polearms
  3896 | D:5      | Found a staircase to the Ecumenical Temple.
  3909 | Temple   | Entered the Ecumenical Temple
  4014 | Temple   | Became a worshipper of Fedhas Madash
  4535 | D:6      | Found Wulyniq's Magic Scroll Emporium.
  4545 | D:6      | Bought a scroll of blinking for 82 gold pieces
  4545 | D:6      | Bought a scroll of magic mapping for 38 gold pieces
  4545 | D:6      | Bought a scroll of recharging for 104 gold pieces
  4545 | D:6      | Bought a scroll of identify for 22 gold pieces
  4858 | D:6      | Reached skill level 5 in Fighting
  4858 | D:6      | Reached XP level 8. HP: 66/68 MP: 7/7
  5677 | D:7      | Acquired Fedhas's first power
  5738 | D:7      | HP: 1/78 [orc priest/nerve-wracking pain (6)]
  6183 | D:7      | Reached XP level 9. HP: 71/85 MP: 8/8
  6189 | D:7      | Reached skill level 10 in Fighting
  6619 | D:7      | Reached skill level 11 in Fighting
  7095 | D:8      | Reached skill level 12 in Fighting
  7108 | D:8      | Found Ryrchauk's Jewellery Boutique.
  7201 | D:8      | Found a snail-covered altar of Cheibriados.
  7317 | D:8      | Reached skill level 5 in Armour
  7391 | D:8      | Found a glowing silver altar of Zin.
  7759 | D:6      | Bought a scroll of amnesia for 38 gold pieces
  7759 | D:6      | Bought a scroll of identify for 22 gold pieces
  7759 | D:6      | Bought a scroll of identify for 22 gold pieces
  7759 | D:6      | Bought a scroll of identify for 22 gold pieces
  7767 | D:6      | Gained mutation: You can translocate small distances at will. [potion of beneficial mutation]
  7845 | D:9      | Found a staircase to the Lair.
  7846 | D:9      | Noticed a fire drake
  7853 | D:9      | Killed a fire drake
  7897 | D:9      | Acquired Fedhas's second power
  8001 | D:9      | Reached XP level 10. HP: 97/97 MP: 9/9
  8047 | D:9      | Noticed Prince Ribbit
  8061 | D:9      | Killed Prince Ribbit
  8153 | Lair:1   | Entered Level 1 of the Lair of Beasts
  8181 | Lair:1   | Noticed Nergalle
  8241 | Lair:1   | Killed Nergalle
  8527 | Lair:1   | Reached skill level 10 in Armour
  8696 | Lair:1   | You fall through a shaft!
  8826 | Lair:2   | Found a frozen archway.
  8908 | IceCv    | Entered an ice cave
  9254 | IceCv    | Noticed an ice statue
  9274 | IceCv    | Killed an ice statue
  9653 | IceCv    | Reached skill level 13 in Polearms
  9653 | IceCv    | Reached XP level 11. HP: 80/104 MP: 10/10
  9811 | IceCv    | Reached skill level 14 in Polearms
  9898 | IceCv    | Noticed a death yak
  9949 | IceCv    | Killed a death yak
  9974 | IceCv    | Reached skill level 5 in Throwing
 10164 | IceCv    | Noticed a frost giant
 10164 | IceCv    | Noticed a death yak
 10198 | IceCv    | Killed a death yak
 10215 | IceCv    | Killed from afar by a frost giant

Vault maps used:
D:1:      dpeg_arrival_water_temple_mockup
D:3:      ecumenical_altar_1, kennysheep_generic_room_4, uniq_terence,
          uniq_grinder, uniq_jessica
D:4:      first_bread, yredelemnul_altar_generic
D:5:      minmay_temple_entry_statues, minmay_fountain_box,
          kennysheep_generic_room_6
D:6:      minmay_flawed_box, serial_shops, shop, minmay_misc_feat_room
D:7:      the_bakery
D:8:      zin_statuary, serial_shops, kennysheep_little_box, cheibriados_altar_1
D:9:      minmay_lair_entry_lava, elyvilon_altar_4, uniq_prince_ribbit1
Temple:   kilobyte_greek_temple_18
Lair:1:   minivault_25, grunt_megastairs_2, uniq_nergalle
Lair:2:   portal_ice_cave_entry_imps, lemuel_fruit_fields
IceCv:    ice_cave_caverns_02

Action                   |  1- 3 |  4- 6 |  7- 9 | 10-12 || total
-------------------------+-------+-------+-------+-------++-------
Melee: Trident           |   107 |   116 |   467 |   417 ||  1107
Throw: Javelin           |     1 |     1 |     5 |     5 ||    12
       Throwing net      |       |     1 |     2 |     3 ||     6
Invok: Evolution         |       |       |     3 |    12 ||    15
       Sunlight          |       |       |       |     1 ||     1
 Abil: Blink             |       |       |     1 |       ||     1
Evoke: Wand              |       |       |       |     1 ||     1
  Use: Scroll            |       |       |    13 |     1 ||    14
       Potion            |       |       |     4 |     2 ||     6
 Stab: Held in net/web   |       |     1 |     1 |       ||     2
       Invisible         |       |       |     1 |       ||     1
       Confused          |       |       |       |     3 ||     3
       Fleeing           |       |       |       |     1 ||     1
  Eat: Chunk             |     3 |     3 |     4 |     2 ||    12
       Bread ration      |       |       |     2 |     1 ||     3
       Royal jelly       |       |       |     1 |     1 ||     2
       Beef jerky        |       |       |     1 |       ||     1
